 Dungeon Crawl Stone Soup version 0.30-a0-782-ge64f9170bb (webtiles) character file.

Game seed: 7419199462175596590

1945074 Flugkiller the Rhythm of Life and Death (level 26, 252/252 HPs)
             Began as a Demonspawn Delver on Mar 11, 2023.
             Was a Follower of Uskayaw.
             Escaped with the Orb
             ... and 3 runes!
             The game lasted 01:35:51 (51262 turns).

Flugkiller the Rhythm of Life and Death (DsDe)     Turns: 51262, Time: 01:35:52

Health: 252/252    AC: 58    Str: 35    XL:     26   Next: 12%
Magic:  40/40      EV: 18    Int: 11    God:    Uskayaw [*.....]
Gold:   6197       SH:  4    Dex: 14    Spells: 25/25 levels left

rFire   + + .      SeeInvis .    j - +9 broad axe (spect)
rCold   + . .      Faith    .    (no shield)
rNeg    . . .      Spirit   +    y - +8 gold dragon scales
rPois   +          Reflect  .    V - +2 helmet
rElec   .          Harm     .    i - +4 dragonskin cloak
rCorr   +          Rampage  .    (gloves unavailable)
Will    +++..                    N - +2 pair of boots Stlth
                                 M - amulet of Oruothoss {Acrobat Regen+ rCorr Str+3}
HPRegen 1.42/turn                g - ring "Rapsiekaub" {rPois rF+ Str+6 Int-3}
MPRegen 0.54/turn                O - ring of Luakhl Uskett {Will+ EV+5 Str+5}

@: studying 2 skills
A: rugged brown scales 3, hurl damnation, icemail 2, torment resistance 1, magic
shield, magic regeneration, magic link, condensation shield, demonic willpower,
demonic touch 3, clumsy 1
0: Orb of Zot
}: 3/15 runes: decaying, silver, gossamer
a: Hurl Damnation, Renounce Religion, Stomp


You escaped.
You worshipped Uskayaw.
Uskayaw was exalted by your worship.
You visited 9 branches of the dungeon, and saw 45 of its levels.
You also visited: Bailey, Ice Cave and Wizlab.

You collected 7094 gold pieces.
You spent 897 gold pieces at shops.

Inventory:

Hand Weapons
 j - a +9 spectral broad axe (weapon)
   (You found it on level 2 of the Dungeon)
Missiles
 A - 6 throwing nets (quivered)
 F - 17 curare-tipped darts
Armour
 i - the +4 dragonskin cloak (worn)
   (You took it off Tiamat on level 3 of the Realm of Zot)

   Avatar's Aegis: It grants the wearer a chance to resist fire, cold, poison,
   electricity, acid, and negative energy.
 v - a scarf of resistance
   (You found it on level 4 of the Spider Nest)
 y - +8 gold dragon scales (worn)
   (You took it off Parghit on level 1 of the Realm of Zot)
 N - a +2 pair of boots (worn)
   (You found it on level 2 of the Swamp)
 V - a +2 helmet (worn)
   (You found it on level 2 of the Vaults)
Jewellery
 c - a ring of protection from cold
   (You took it off a yaktaur captain on level 5 of the Vaults)
 f - a ring of protection from fire
   (You took it off a fire giant on level 5 of the Vaults)
 g - the ring "Rapsiekaub" (left hand) {rPois rF+ Str+6 Int-3}
   (You found it in an ice cave)

   [ring of protection from fire]

   Str:       It affects your strength (+6).
   Int:       It affects your intelligence (-3).
   rF:        It protects you from fire.
   rPois:     It protects you from poison.
 p - a +4 ring of protection
   (You found it on level 7 of the Dungeon)
 r - the ring "Likhlih" {rPois rF+ Slay+3}
   (You found it on level 3 of the Depths)

   [ring of protection from fire]

   Slay:      It affects your accuracy & damage with ranged weapons and melee
   (+3).
   rF:        It protects you from fire.
   rPois:     It protects you from poison.
 B - the ring "Boubriv" {rCorr EV+5}
   (You found it in an ice cave)

   [ring of evasion]

   EV:        It affects your evasion (+5).
   rCorr:     It protects you from acid and corrosion.
 M - the amulet of Oruothoss (around neck) {Acrobat Regen+ rCorr Str+3}
   (You found it on level 13 of the Dungeon)

   [amulet of the acrobat]

   It increases your evasion while moving and waiting.
   Str:       It affects your strength (+3).
   Regen:     It increases your rate of health regeneration.
   rCorr:     It protects you from acid and corrosion.
 O - the ring of Luakhl Uskett (right hand) {Will+ EV+5 Str+5}
   (You found it on level 3 of the Swamp)

   [ring of evasion]

   EV:        It affects your evasion (+5).
   Str:       It affects your strength (+5).
   Will:      It increases your willpower.
 S - an amulet of faith
   (You took it off a meliai on level 3 of the Spider Nest)
Wands
 b - a wand of charming (32)
   (You found it on level 10 of the Dungeon)
 k - a wand of iceblast (25)
   (You took it off an orc on level 6 of the Dungeon)
 u - a wand of mindburst (33)
   (You found it on level 1 of the Lair of Beasts)
 G - a wand of acid (21)
   (You found it on level 1 of the Lair of Beasts)
Scrolls
 l - 6 scrolls of silence
 s - a scroll of poison
 t - 14 scrolls of teleportation
 x - 6 scrolls of immolation
 z - a scroll of blinking
 H - 9 scrolls of fear
 K - 12 scrolls of vulnerability
 X - 10 scrolls of fog
 Y - 3 scrolls of magic mapping
Potions
 a - 7 potions of magic
 d - 11 potions of might
 e - 14 potions of lignification
 h - 5 potions of haste
 n - 2 potions of resistance
 o - 5 potions of brilliance
 q - 23 potions of curing
 w - 2 potions of heal wounds
 D - 6 potions of flight
 I - 5 potions of berserk rage
 J - 10 potions of mutation
 L - 5 potions of invisibility
 U - 9 potions of attraction
 Z - 7 potions of ambrosia
Miscellaneous
 m - a phial of floods
   (You found it on level 5 of the Vaults)
 Q - a box of beasts
   (You found it on level 2 of the Spider Nest)
 R - a condenser vane
   (You found it on level 2 of the Depths)
 W - a tin of tremorstones (2/2)
   (You found it on level 5 of the Vaults)


   Skills:
 + Level 25.5 Fighting
 - Level 18.0 Axes
 + Level 24.7 Armour
 - Level 11.0 Dodging
 - Level 4.5 Stealth
 O Level 27 Invocations
 - Level 6.0 Evocations


You had 25 spell levels left.
You didn't know any spells.
Your spell library contained the following spells:

 Spells                   Type           Power      Damage    Failure   Level
 Apportation              Tloc           0%         N/A       87%         1
 Beastly Appendage        Tmut           0%         N/A       87%         1
 Kiss of Death            Conj/Necr      0%         2d5       87%         1
 Necrotise                Necr           0%         1d4       87%         1
 Slow                     Hex            0%         N/A       87%         1
 Summon Small Mammal      Summ           0%         N/A       87%         1
 Ensorcelled Hibernation  Hex/Ice        0%         N/A       95%         2
 Passwall                 Tmut/Erth      0%         N/A       95%         2
 Scorch                   Fire           0%         2d5       95%         2
 Static Discharge         Conj/Air       0%         2-2/arc   95%         2
 Sublimation of Blood     Necr           0%         N/A       95%         2
 Wereblood                Tmut           0%         N/A       95%         2
 Confusing Touch          Hex            0%         N/A       99%         3
 Dazzling Flash           Conj/Hex       0%         N/A       99%         3
 Gell's Gravitas          Tloc           0%         N/A       99%         3
 Ignite Poison            Fire/Tmut/Pois 0%         N/A       99%         3
 Inner Flame              Hex/Fire       0%         N/A       99%         3
 Kindle Blastsparks       Fire/Tloc/Air  0%         2d10      99%         3
 Ozocubu's Armour         Ice            0%         N/A       99%         3
 Spider Form              Tmut/Pois      0%         N/A       99%         3
 Summon Guardian Golem    Hex/Summ       0%         N/A       99%         3
 Teleport Other           Tloc           0%         N/A       99%         3
 Tukima's Dance           Hex            0%         N/A       99%         3
 Vampiric Draining        Necr           0%         2d6       99%         3
 Vhi's Electric Charge    Tloc/Air       0%         N/A       99%         3
 Airstrike                Air            0%         2d(0-16)  100%        4
 Anguish                  Hex/Necr       0%         N/A       100%        4
 Cause Fear               Hex            0%         N/A       100%        4
 Dispel Undead            Necr           0%         3d6       100%        4
 Flame Wave               Conj/Fire      0%         2d4       100%        4
 Ice Form                 Ice/Tmut       0%         N/A       100%        4
 Iskenderun's Mystic Bla  Conj/Tloc      0%         2d3       100%        4
 Manifold Assault         Tloc           0%         N/A       100%        4
 Passage of Golubria      Tloc           0%         N/A       100%        4
 Sticky Flame             Conj/Fire      0%         2d3       100%        4
 Summon Lightning Spire   Summ/Air       0%         N/A       100%        4
 Alistair's Intoxication  Tmut/Pois      0%         N/A       100%        5
 Arcjolt                  Conj/Air       0%         1d10      100%        5
 Borgnjor's Vile Clutch   Necr/Erth      0%         N/A       100%        5
 Freezing Cloud           Conj/Ice/Air   0%         6-21      100%        5
 Lightning Bolt           Conj/Air       0%         1d11      100%        5
 Yara's Violent Unravell  Hex/Tmut       0%         3d3       100%        5
 Dispersal                Tloc           0%         N/A       100%        6
 Eringya's Noxious Bog    Tmut/Pois      0%         N/A       100%        6
 Starburst                Conj/Fire      0%         6d3       100%        6
 Statue Form              Tmut/Erth      0%         N/A       100%        6
 Summon Cactus Giant      Summ           0%         N/A       100%        6
 Enfeeble                 Hex            0%         N/A       100%        7
 Orb of Destruction       Conj           0%         9d5       100%        7
 Ozocubu's Refrigeration  Ice            0%         4d7       100%        7
 Spellforged Servitor     Conj/Summ      0%         N/A       100%        7
 Storm Form               Tmut/Air       0%         N/A       100%        7
 Summon Hydra             Summ           0%         N/A       100%        7
 Discord                  Hex            0%         N/A       100%        8
 Disjunction              Tloc           0%         N/A       100%        8
 Ignition                 Fire           0%         3d3       100%        8
 Maxwell's Capacitive Co  Air            0%         ∞         100%        8


Dungeon Overview and Level Annotations

Branches:
Dungeon (15/15)            Temple (1/1) D:5            Lair (5/5) D:11
  Swamp (4/4) Lair:2       Spider (4/4) Lair:3        Slime (0/5) Lair:5
    Orc (2/2) D:10            Elf (0/3) Orc:2        Vaults (5/5) D:13
  Crypt (0/3) Vaults:3     Depths (4/4) D:15            Zot (5/5) Depths:4
 Bailey (visited)           IceCv (visited)          WizLab (visited)

Altars:
Ashenzari
Cheibriados
Dithmenos
Fedhas
Gozag
Hepliaklqana
Kikubaaqudgha
Makhleb
Nemelex Xobeh
Okawaru
Qazlal
Ru
Sif Muna
Trog
Uskayaw
Vehumet
Wu Jian
Xom
Yredelemnul
Jiyva

Shops:
D:3 *   D:6 ?   D:8 =   Orc:1 *(   Orc:2 [**(   Vaults:1 (:   Vaults:2 =
Vaults:4 ***

Portals:
Hell: Depths:1 Depths:2 Depths:3 Depths:4
Abyss: Depths:1 Depths:3
Pandemonium: Depths:2 Depths:4
Ziggurat: Depths:2
Trove: D:12 (give +6 demon trident)

Annotations:
Vaults:1 2 runed translucent doors, Ciotsan's ghost, adept FeIE
Depths:2 2 runed translucent doors


Innate Abilities, Weirdness & Mutations

You are completely covered in rugged brown scales. (AC +3, +7% HP)
You can hurl damnation.
A meltable icy envelope protects you from harm. (AC +8)
You are resistant to unholy torment.
When hurt, damage is shared between your health and your magic reserves.
You regenerate magic rapidly.
When low on magic, you restore magic in place of health.
A meltable shield of frost defends you. (SH +4)
You punish those that try to bend your will. (Will+)
Your touch may irresistibly damage your foes and sap their willpower.
You are clumsy. (Dex -2)


Message History

You climb upwards.
There is a stone staircase leading down here.
A blizzard demon comes into view.
The blizzard demon moves out of view.
Items here: ))))) [[.
There is a stone staircase leading up here.
You climb upwards.
There is a stone staircase leading down here.
(D) Dungeon (T) Temple (L) Lair (S) Swamp (N) Spider Nest (M) Slime Pits (O) Orcish Mines (E) Elven Halls (V) Vaults (C) Crypt (U) Depths (H) Hell (Z) Zot
Where to? (Enter - D:1 @ (x,y), ? - help)
There is a stone staircase leading up here.
You climb upwards.
There is a stone staircase leading down here.
There is a stone staircase leading up here.
You climb upwards.
There is a stone staircase leading down here.
Nock comes into view.
Unknown command.
Nock moves out of view.
There is an escape hatch in the ceiling here.
Nock gestures at you.
The sphere of damnation explodes!
The damnation engulfs you! A mysterious force pulls you upwards.
The hatch slams shut behind you.
(D) Dungeon (T) Temple (L) Lair (S) Swamp (N) Spider Nest (M) Slime Pits (O) Orcish Mines (E) Elven Halls (V) Vaults (C) Crypt (U) Depths (H) Hell (Z) Zot
Where to? (Enter - D:1 @ (x,y), ? - help)
What level of the Dungeon? (default 1, ? - help) Magic restored.
HP restored.
There is a stone staircase leading up here.
You climb upwards.
There is a stone staircase leading down here.
A balrug and 3 sun demons come into view.
The balrug is wielding a +1 demon whip of pain.
You slice the sun demon!!
The sun demon is moderately wounded.
Your +9 spectral broad axe hits the sun demon!!
You catch the helpless sun demon completely off-guard!
You carve the sun demon like a ham!!!
You kill the sun demon!
You open the balrug like a pillowcase!!!
You touch the balrug!!
You sap its willpower!
The balrug is almost dead.
You hit the sun demon.
Your +9 spectral broad axe hits the sun demon.
Your +9 spectral broad axe hits the balrug!
You kill the balrug!
You can now pass through a line of other dancers.
You slice the sun demon!! Your touch misses the sun demon.
The sun demon is heavily wounded.
Your +9 spectral broad axe closely misses the sun demon.
The sun demon barely misses you.
The sun demon misses your +9 spectral broad axe.
You slash the sun demon!
The sun demon is severely wounded.
Your +9 spectral broad axe hits the sun demon!
Your +9 spectral broad axe misses the sun demon.
The sun demon misses your +9 spectral broad axe.
The sun demon hits your +9 spectral broad axe!
Your spectral weapon shares its damage with you!
Your +9 spectral broad axe is engulfed in flames!
Your +9 spectral broad axe resists.
Your spectral weapon shares its damage with you!
Your +9 spectral broad axe fades away.
The sun demon shouts!
You slice the sun demon!!
You kill the sun demon!
You hit the sun demon.
You touch the sun demon!
You sap its willpower!
The sun demon is moderately wounded.
Your +9 spectral broad axe hits the sun demon!
The sun demon hits you but does no damage.
You slice the sun demon!!
You kill the sun demon!
Uskayaw will force your foes to helplessly watch your dance.
You see here a +1 demon whip of pain.
(D) Dungeon (T) Temple (L) Lair (S) Swamp (N) Spider Nest (M) Slime Pits (O) Orcish Mines (E) Elven Halls (V) Vaults (C) Crypt (U) Depths (H) Hell (Z) Zot
Where to? (Enter - D:1 @ (x,y), ? - help) HP restored.
There is a stone staircase leading up here.
You climb upwards.
There is a stone staircase leading down here.
There is an open door here.
There is an open door here.
There is a stone staircase leading up here.
You climb upwards.
There is a stone staircase leading down here.
There is a staircase leading out of the dungeon here.
Unknown command.
Unknown command.
Enter note: gg Unknown command.
You have escaped!

#.# #.#.#####.# #.# #......##.#
#.# #######......##.#
#.###...##..##...##.#
#.##....##..##...##.########
#####.##.###..##..##............
#.....##..##..##..##.##.########
#.######.#..##..##......# #...
#.# #.#..##.@##...########)##
#.# #.###..##..##.......)..# #.#
#.###..##..##.########### #.#
#.#..##..##.........[...#
#.######.#..##..##..##########.#
#........#........#.# #.#
#>.........######.#.# #.#
##.#############....# #.# ###.#
#..)...#..# #.#


There were no monsters in sight!

Vanquished Creatures
  4 dread liches
  7 orbs of fire
  3 ancient liches
  The ghost of emiel the Earth Mage, a veteran OgEE of Ru (Vaults:4)
  Sojobo (Vaults:5)
  Parghit (Zot:1)
  A pandemonium lord (Zot:1)
  4 Killer Klowns
  Saint Roka (Vaults:2)
  4 curse toes
  9 golden dragons
  A bone dragon (Depths:4)
  3 electric golems
  2 doom hounds (Zot:1)
  19 tentacled monstrosities
  Mlioglotl (Spider:3)
  26 Orb Guardians
  Jorgrun (Spider:3)
  An Ice Fiend (Zot:4)
  4 liches
  Grunn (Zot:1)
  5 titans
  7 acid blobs (Zot:3)
  5 sphinxes
  7 quicksilver dragons
  An Executioner (Zot:4)
  11 death cobs
  17 shadow dragons
  Kirke (Lair:4)
  16 storm dragons
  Roxanne (Swamp:4)
  The ghost of Matygoc the Slicer, an adept HaSk of Okawaru (Swamp:3)
  7 draconian monks
  10 tengu reavers
  A fenstrider witch (Swamp:2)
  2 azure jellies (IceCv)
  8 fire giants
  4 draconian knights
  9 ghost moths
  11 frost giants
  Aizul (Swamp:4)
  6 emperor scorpions
  9 draconian scorchers
  An iron dragon (Vaults:5)
  18 vault wardens
  A balrug (D:3)
  4 draconian shifters
  A cacodemon (Zot:1)
  5 draconian stormcallers
  23 ironbound preservers
  6 draconian annihilators
  12 stone giants
  3 orc warlords
  18 very ugly things
  4 war gargoyles
  6 ironbound thunderhulks
  A juggernaut skeleton (Depths:1)
  2 bunyips (Swamp:1)
  3 vampire knights
  2 deep elf demonologists (Vaults:5)
  16 green draconians
  4 eleionomae
  9 dire elephants
  6 spark wasps
  9 black draconians
  17 red draconians
  17 yellow draconians
  20 purple draconians
  13 white draconians
  6 crystal guardians
  An orange crystal statue (WizLab)
  A deep elf death mage (Vaults:5)
  A blizzard demon (D:14)
  9 fire dragons
  5 entropy weavers
  6 ettins
  2 merfolk javelineers (Depths:3)
  7 great orbs of eyes
  2 shambling mangroves (Swamp:3)
  4 deep elf high priests (Vaults:5)
  A jiangshi (Vaults:3)
  Harold (Orc:1)
  19 yaktaur captains
  An entropy weaver (shapeshifter) (Depths:1)
  4 rakshasas
  7 peacekeepers
  13 hydras
  6 ironbound frosthearts
  43 vault guards
  3 ghost crabs
  13 ice dragons
  2 radroaches
  Erica (Orc:1)
  5 spriggan air magi
  17 centaur warriors
  2 two-headed ogres
  6 alligators
  11 boulder beetles
  An alligator (shapeshifter) (Depths:1)
  4 tengu warriors
  4 deep troll earth magi
  6 deep troll shamans
  An orc high priest (Orc:2)
  A titan zombie (Depths:3)
  A vampire mage (Vaults:3)
  2 spriggan berserkers
  13 hell knights
  5 sun demons
  7 iron trolls
  5 goliath frogs
  2 sun moths
  A sixfirhy (Zot:1)
  3 pharaoh ants
  A skyshark (Lair:4)
  A cherub (D:10)
  9 orb spiders
  7 spriggan druids
  63 deep trolls
  6 bog bodies
  6 swamp dragons
  2 wizards
  3 harpies (Vaults:1)
  2 flayed ghosts
  12 lindwurms
  21 wolf spiders
  An obsidian statue (Zot:5)
  17 ironbound convokers
  9 large abominations
  3 phantasmal warriors
  10 steelbarb worms
  2 tengu zombies
  A sphinx zombie (Depths:1)
  29 ugly things
  2 deep elf pyromancers (D:14)
  9 necromancers
  5 oklob plants (Zot:3)
  14 orc knights
  3 manticores
  6 orc sorcerers
  A shining eye (shapeshifter) (Vaults:2)
  A cyclops (D:14)
  An iron dragon zombie (Vaults:1)
  30 moths of wrath
  9 black mambas
  5 elephants
  A guardian serpent (Lair:5)
  Joseph (D:8)
  A smoke demon (Depths:2)
  17 vault sentinels
  2 orange demons (Zot:1)
  A gargoyle (D:13)
  2 torpor snails
  10 demonic crawlers
  17 cane toads
  33 yaktaurs
  4 rime drakes
  A spriggan zombie (Depths:1)
  3 komodo dragons
  2 efreet
  A spark wasp simulacrum (Depths:1)
  5 freezing wraiths
  3 unseen horrors
  3 tengu conjurers
  5 trolls
  18 hornets
  21 meliai
  12 tyrant leeches
  3 polar bears
  20 tarantellas
  A tarantella (shapeshifter) (D:14)
  2 wind drakes (shapeshifter)
  A hornet (shapeshifter) (D:11)
  Prince Ribbit (D:8)
  15 blink frogs
  The ghost of t4s4d4r the Slasher, an amateur OpFi (D:5)
  A centaur simulacrum (D:14)
  A fire giant simulacrum (Depths:1)
  A slime creature (shapeshifter) (Vaults:5)
  16 culicivoras
  15 spriggans
  34 jumping spiders
  59 slime creatures
  44 yaks
  5 basilisks
  17 wyverns
  A vampire (D:11)
  4 wraiths
  4 shadows
  A hog (Lair:4)
  An ettin skeleton (Vaults:1)
  4 water elementals
  A fire elemental (Depths:2)
  4 fire bats (Depths:2)
  5 steam dragons
  48 redbacks
  13 vampire mosquitoes
  6 swamp worm simulacra (Swamp:4)
  2 chaos spawn (Depths:1)
  5 acid dragons
  2 wargs
  A swamp worm (shapeshifter) (Vaults:5)
  12 hydra simulacra (Swamp:4)
  21 swamp worms
  Duvessa (D:4)
  16 water moccasins
  2 floating eyes (Depths:2)
  3 ice beasts
  34 orc warriors
  A sky beast (D:6)
  3 black bears
  2 great orb of eyes simulacra (IceCv)
  11 wolves
  An ogre (Orc:1)
  7 centaurs
  A slime creature simulacrum (IceCv)
  5 bullfrogs
  3 gnoll sergeants (D:5)
  3 scorpions
  5 glowing shapeshifter simulacra (IceCv)
  4 small abominations (Depths:1)
  Dowan (D:4)
  14 killer bees
  5 electric eels
  8 howler monkeys
  21 orc priests
  A human simulacrum (Vaults:4)
  33 jellies
  Ijyb (D:5)
  3 hounds
  An iron imp (D:10)
  A gnoll bouda (D:5)
  6 iguanas
  24 orc wizards
  17 gnolls
  13 adders
  2 shadow imps
  A white imp (D:6)
  2 swamp drake simulacra (Swamp:4)
  A worm (D:4)
  5 dart slugs
  88 orcs
  9 bats
  8 endoplasms
  7 giant cockroaches
  7 goblins
  5 hobgoblins
  3 jackals (D:5)
  6 quokkas
  4 ball pythons
  4 frilled lizards
  5 kobolds
  2 rats (D:1)
1947 creatures vanquished.

Vanquished Creatures (collateral kills)
  Tiamat (Zot:3)
1 creature vanquished.

Vanquished Creatures (others)
  A fire giant (Depths:4)
  A deep elf demonologist (Vaults:5)
  A red draconian (Zot:4)
  A wizard (Vaults:2)
  A freezing wraith (Vaults:3)
  A bloated husk (Swamp:2)
  A culicivora (Spider:4)
  2 humans (Lair:5)
  A swamp worm (Swamp:2)
  An iguana (Lair:5)
  54 fungi
  98 plants
  4 toadstools (D:4)
167 creatures vanquished.

Grand Total: 2115 creatures vanquished

Notes
Turn   | Place    | Note
-------+----------+-------------------------------------------
     0 | D:5      | Flugkiller the Demonspawn Delver began the quest for the
                  | Orb.
     0 | D:5      | Reached XP level 1. HP: 18/18 MP: 1/1
    34 | D:5      | Found a staircase to the Ecumenical Temple.
    37 | D:5      | Noticed a scorpion
    48 | Temple   | Entered the Ecumenical Temple
   113 | Temple   | Became a worshipper of Uskayaw the Reveller
   139 | D:4      | Reached * piety under Uskayaw
   174 | D:4      | Noticed a jelly
   210 | D:4      | Reached ** piety under Uskayaw
   214 | D:4      | Reached *** piety under Uskayaw
   383 | D:2      | Gained mutation: Your touch may inflict minor irresistible
                  | damage on your foes. [demonic ancestry]
   383 | D:2      | Reached XP level 2. HP: 25/25 MP: 2/2
   740 | D:1      | Reached XP level 3. HP: 28/30 MP: 3/3
  1123 | D:1      | Found a faded altar of an unknown god.
  1922 | D:3      | Found an opulent altar of Gozag.
  1926 | D:3      | Found Gozag's Platinum Reserve.
  1952 | D:3      | Reached skill level 1 in Armour
  1968 | D:3      | Gained mutation: Your touch may inflict irresistible damage
                  | on your foes. [demonic ancestry]
  1968 | D:3      | Reached XP level 4. HP: 37/37 MP: 4/4
  2078 | D:3      | Reached **** piety under Uskayaw
  2622 | D:3      | Reached XP level 5. HP: 21/43 MP: 5/5
  2852 | D:4      | Noticed Duvessa
  2872 | D:4      | Killed Duvessa
  2873 | D:4      | Gained mutation: Your touch may irresistibly damage your
                  | foes and sap their willpower. [demonic ancestry]
  2873 | D:4      | Reached XP level 6. HP: 26/49 MP: 6/6
  2873 | D:4      | Noticed Dowan
  3093 | D:4      | Killed Dowan
  3181 | D:5      | Reached skill level 5 in Fighting
  3362 | D:5      | Gained mutation: You are partially covered in rugged brown
                  | scales. (AC +1, +3% HP) [demonic ancestry]
  3362 | D:5      | Reached XP level 7. HP: 51/57 MP: 7/7
  3506 | D:5      | Noticed Ijyb
  3543 | D:5      | Killed Ijyb
  3713 | D:5      | Found a transporter.
  3715 | D:5      | Identified the amulet "Xuavesin" {Regen+ rCorr}
  3771 | D:5      | Found a transporter.
  3777 | D:5      | Reached skill level 5 in Axes
  4029 | D:5      | Noticed t4s4d4r's ghost (amateur OpFi)
  4644 | D:6      | Found a bloodstained altar of Trog.
  4644 | D:6      | Found a shimmering altar of Xom.
  4644 | D:6      | Found a sacrificial altar of Ru.
  4701 | D:6      | an ogre changed into a wyvern
  4701 | D:6      | Noticed a wyvern
  4707 | D:6      | Killed a wyvern
  4708 | D:6      | Reached skill level 1 in Invocations
  4708 | D:6      | Gained mutation: You regenerate magic rapidly. [demonic
                  | ancestry]
  4708 | D:6      | Reached XP level 8. HP: 21/65 MP: 7/9
  5016 | D:6      | Reached skill level 2 in Invocations
  5081 | D:6      | Found Gyitop's Magic Scroll Shop.
  5415 | D:7      | Reached skill level 3 in Invocations
  5549 | D:7      | Found a shimmering blue altar of Sif Muna.
  5714 | D:8      | Noticed Joseph
  5739 | D:8      | Reached skill level 4 in Invocations
  5856 | D:8      | Gained mutation: You are mostly covered in rugged brown
                  | scales. (AC +2, +5% HP) [demonic ancestry]
  5856 | D:8      | Reached XP level 9. HP: 56/74 MP: 12/12
  6059 | D:8      | Reached skill level 5 in Armour
  6102 | D:8      | Noticed a troll
  6109 | D:8      | Killed a troll
  6110 | D:8      | Reached skill level 5 in Invocations
  6312 | D:8      | Killed Joseph
  6503 | D:8      | Reached skill level 6 in Invocations
  6517 | D:8      | Noticed Prince Ribbit
  6590 | D:8      | Killed Prince Ribbit
  6793 | D:8      | Found Oropemuwn's Jewellery Shoppe.
  7048 | D:9      | Reached XP level 10. HP: 80/82 MP: 14/14
  7061 | D:9      | Noticed a two-headed ogre
  7068 | D:9      | Reached ***** piety under Uskayaw
  7072 | D:9      | Killed a two-headed ogre
  7073 | D:9      | Reached skill level 7 in Invocations
  7079 | D:9      | Reached ****** piety under Uskayaw
  7556 | D:9      | Found a basalt altar of Yredelemnul.
  7865 | D:9      | Reached skill level 10 in Axes
  7865 | D:9      | Reached skill level 8 in Invocations
  7951 | D:9      | Found a shadowy altar of Dithmenos.
  7968 | D:10     | Entered Level 10 of the Dungeon
  8010 | D:10     | Found a blossoming altar of Fedhas.
  8028 | D:10     | Found a stormy altar of Qazlal.
  8054 | D:10     | Found a flagged portal.
  8070 | Bailey   | Entered a bailey
  8144 | Bailey   | Gained mutation: A meltable shield of frost defends you.
                  | (SH +4) [demonic ancestry]
  8144 | Bailey   | Reached XP level 11. HP: 88/88 MP: 17/17
  8177 | Bailey   | Noticed an orc knight
  8233 | Bailey   | Killed an orc knight
  8472 | Bailey   | Gained mutation: When hurt, damage is shared between your
                  | health and your magic reserves. [demonic ancestry]
  8472 | Bailey   | Reached XP level 12. HP: 76/83 MP: 18/18
  8725 | D:10     | Found a snail-covered altar of Cheibriados.
  9152 | D:10     | Paralysed by a hornet for 1 turns
  9298 | D:10     | Found a staircase to the Orcish Mines.
  9506 | D:10     | Reached skill level 9 in Invocations
  9636 | D:10     | Found an ornate altar of the Wu Jian Council.
 10217 | D:11     | Noticed a boulder beetle
 10236 | D:11     | Killed a boulder beetle
 10607 | D:11     | Found a staircase to the Lair.
 11523 | Lair:1   | Entered Level 1 of the Lair of Beasts
 11765 | Lair:1   | Reached skill level 10 in Invocations
 11841 | Lair:1   | Noticed a four-headed hydra
 12685 | Lair:2   | Noticed Sonja
 12686 | Lair:2   | Sonja changed into Sonja the hornet
 12686 | Lair:2   | Noticed Sonja
 12691 | Lair:2   | Paralysed by Sonja for 1 turns
 12698 | Lair:2   | Killed Sonja the hornet
 12832 | Lair:2   | Found a staircase to the Swamp.
 12989 | Lair:2   | Noticed a seven-headed hydra
 13194 | Lair:3   | Found a hole to the Spider Nest.
 13243 | Lair:3   | Reached skill level 1 in Evocations
 13253 | Lair:3   | Reached XP level 13. HP: 92/108 MP: 17/20
 14076 | Lair:4   | Reached skill level 5 in Evocations
 14464 | Lair:4   | Reached skill level 10 in Fighting
 14564 | Lair:4   | Found a burning altar of Makhleb.
 15258 | Lair:4   | Reached skill level 11 in Invocations
 16275 | D:5      | Killed t4s4d4r's ghost
 16767 | Lair:5   | Entered Level 5 of the Lair of Beasts
 16774 | Lair:5   | Noticed Kirke
 16903 | Lair:4   | Killed Kirke
 17005 | Lair:5   | Found a staircase to the Slime Pits.
 17005 | Lair:5   | Found a viscous altar of Jiyva.
 17040 | Lair:5   | Identified the +8 rapier of Context {drain, rF- Int+7 Dex+2
                  | Stlth+}
 17370 | Lair:5   | Reached skill level 10 in Armour
 18020 | Lair:5   | Gained mutation: You punish those that try to bend your
                  | will. (Will+) [demonic ancestry]
 18020 | Lair:5   | Reached XP level 14. HP: 111/118 MP: 20/22
 18609 | Lair:5   | Reached skill level 5 in Dodging
 19124 | Orc:1    | Entered Level 1 of the Orcish Mines
 19350 | Orc:1    | Found a frozen archway.
 19355 | Orc:1    | Noticed Erica
 19356 | Orc:1    | Noticed Harold
 19366 | Orc:1    | Killed Harold
 19372 | Orc:1    | Killed Erica
 19424 | IceCv    | Entered an ice cave
 19877 | IceCv    | Found a viscous altar of Jiyva.
 19877 | IceCv    | Noticed an azure jelly
 19889 | IceCv    | Killed an azure jelly
 19893 | IceCv    | Noticed an azure jelly
 19902 | IceCv    | Killed an azure jelly
 19914 | IceCv    | Identified the ring "Rapsiekaub" {rPois rF+ Str+6 Int-3}
 19918 | IceCv    | Identified the ring "Boubriv" {rCorr EV+5}
 20109 | Orc:1    | Found Neinofe's Assorted Antiques.
 20165 | Orc:1    | Bought an emerald potion for 22 gold pieces
 20211 | Orc:1    | Found Mypruz's Firing Range.
 20376 | Orc:2    | Entered Level 2 of the Orcish Mines
 20385 | Orc:2    | Reached skill level 12 in Invocations
 20490 | Orc:2    | Found a staircase to the Elven Halls.
 20842 | Orc:2    | Found Iraliegh's Assorted Antiques.
 20842 | Orc:2    | Found Odiebufu's Armour Shop.
 20843 | Orc:2    | Found Kubryqoth's General Store.
 20847 | Orc:2    | Found Mofunkutudgh's Antique Weapon Boutique.
 21177 | D:12     | Found a portal to a secret trove of treasure.
 21269 | D:12     | Identified the +5 whip "Newtbane" {flame, rF- Will+ Dex+7
                  | Stlth+}
 21491 | D:12     | Reached skill level 15 in Axes
 21851 | D:12     | Gained mutation: You are completely covered in rugged brown
                  | scales. (AC +3, +7% HP) [demonic ancestry]
 21851 | D:12     | Reached XP level 15. HP: 63/128 MP: 12/24
 22171 | D:13     | Identified the amulet of Oruothoss {Acrobat Regen+ rCorr
                  | Str+3}
 22183 | D:13     | Found a gate to the Vaults.
 22205 | D:13     | Reached skill level 13 in Invocations
 23759 | D:15     | Entered Level 15 of the Dungeon
 24099 | D:15     | Found a staircase to the Depths.
 24269 | D:15     | Found a shadowy altar of Dithmenos.
 24851 | Swamp:1  | Entered Level 1 of the Swamp
 24857 | Swamp:1  | Reached skill level 14 in Invocations
 24962 | Swamp:1  | Identified the ring "Xykeop" {Ice rN+ Will+}
 25491 | Swamp:2  | Gained mutation: A meltable icy envelope protects you from
                  | harm. (AC +8) [demonic ancestry]
 25491 | Swamp:2  | Reached XP level 16. HP: 85/140 MP: 16/27
 25871 | Swamp:2  | Reached skill level 15 in Invocations
 26554 | Swamp:3  | Found a runed translucent door.
 26851 | Swamp:3  | Noticed Matygoc's ghost (adept HaSk)
 26851 | Swamp:3  | Identified the +3 spear of the Other Side {vamp, rElec
                  | rCorr Str+3 SInv}
 27213 | Swamp:3  | Identified the ring of Luakhl Uskett {Will+ EV+5 Str+5}
 27242 | Swamp:3  | Killed Matygoc's ghost
 27288 | Swamp:4  | Entered Level 4 of the Swamp
 27409 | Swamp:4  | Noticed Aizul
 27418 | Swamp:4  | Killed Aizul
 27477 | Swamp:4  | Identified Roxanne's Dissertation on Moulding
 27477 | Swamp:4  | Noticed Roxanne
 27774 | Swamp:4  | Killed Roxanne
 28130 | Swamp:4  | Got a decaying rune of Zot
 28359 | Spider:1 | Entered Level 1 of the Spider Nest
 28630 | Spider:1 | Reached XP level 17. HP: 108/149 MP: 20/28
 28933 | Spider:2 | Reached skill level 15 in Fighting
 29992 | Spider:3 | Noticed Mlioglotl
 30001 | Spider:3 | Killed Mlioglotl
 30254 | Spider:3 | Noticed Jorgrun
 30267 | Spider:3 | Killed Jorgrun
 30552 | Spider:4 | Entered Level 4 of the Spider Nest
 30584 | Spider:4 | Reached skill level 15 in Armour
 30942 | Spider:4 | Identified the +3 leather armour of the Lute {Dex+3}
 31334 | Spider:4 | Reached XP level 18. HP: 112/161 MP: 8/29
 31375 | Spider:4 | Got a gossamer rune of Zot
 31946 | Vaults:1 | Entered Level 1 of the Vaults
 32001 | Vaults:1 | Reached skill level 16 in Invocations
 32164 | Vaults:1 | Found a large runed translucent door.
 32164 | Vaults:1 | Found a large runed translucent door.
 32165 | Vaults:1 | Noticed Ciotsan's ghost (adept FeIE)
 32184 | Vaults:1 | Found Qoanam's Book Shoppe.
 32212 | Vaults:1 | Reached skill level 17 in Invocations
 32590 | Vaults:1 | Reached skill level 18 in Invocations
 32681 | Vaults:1 | Found Xaohuorit's Weapon Shop.
 33964 | Vaults:2 | Identified the +9 trident "Arewa" {freeze, rC+ rN+ Will-
                  | Int+2}
 34114 | Vaults:2 | Gained mutation: When low on magic, you restore magic in
                  | place of health. [demonic ancestry]
 34114 | Vaults:2 | Reached XP level 19. HP: 95/170 MP: 17/32
 34339 | Vaults:2 | Found Rierryex's Jewellery Emporium.
 34388 | Vaults:2 | Noticed Saint Roka
 34404 | Vaults:2 | Killed Saint Roka
 34820 | Vaults:3 | Reached skill level 10 in Dodging
 34992 | Vaults:3 | You fall into a shaft and drop 1 floor!
 35048 | Vaults:4 | Reached skill level 19 in Invocations
 35159 | Vaults:3 | Found a magical portal.
 35166 | WizLab   | Entered Wucad Mu's Monastery
 35266 | WizLab   | Found the +9 staff of Wucad Mu {*channel}
 35333 | WizLab   | Reached skill level 20 in Invocations
 35333 | WizLab   | Gained mutation: A meltable icy envelope protects you from
                  | harm. (AC +8) [demonic ancestry]
 35333 | WizLab   | Reached XP level 20. HP: 178/179 MP: 32/34
 36298 | Vaults:3 | Found a staircase to the Crypt.
 36760 | Vaults:4 | Reached XP level 21. HP: 160/188 MP: 35/35
 36864 | Vaults:4 | Found a runed translucent gate.
 36864 | Vaults:4 | Found a runed translucent gate.
 36864 | Vaults:4 | Found a runed translucent gate.
 36864 | Vaults:4 | Noticed emiel's ghost (veteran OgEE)
 36866 | Vaults:4 | Noticed a golden dragon
 36910 | Vaults:4 | Found Opleck's General Store.
 37347 | Vaults:4 | Found Ruijy's General Store.
 37364 | Vaults:4 | Bought a scroll of enchant armour for 142 gold pieces
 37364 | Vaults:4 | Bought a scroll of blinking for 142 gold pieces
 37418 | Vaults:4 | Found Nyujolim's Assorted Antiques.
 37434 | Vaults:4 | Bought a scroll of blinking for 307 gold pieces
 37699 | Vaults:4 | Killed a golden dragon
 37707 | Vaults:4 | Killed emiel's ghost
 37709 | Vaults:4 | Reached skill level 21 in Invocations
 38127 | D:6      | Bought a scroll of enchant armour for 97 gold pieces
 38288 | Orc:1    | Bought a scroll of blinking for 187 gold pieces
 38833 | Depths:1 | Entered Level 1 of the Depths
 39137 | Depths:1 | You fall into a shaft and drop 1 floor!
 39168 | Depths:2 | Found a one-way gate leading to the halls of Pandemonium.
 39242 | Depths:1 | Found a one-way gate to the infinite horrors of the Abyss.
 39321 | Depths:1 | Identified the +3 morningstar of Responsibility {drain,
                  | rPois rN+ Str+3 Stlth-}
 39375 | Depths:1 | Found the +7 Spriggan's Knife {stab, EV+4 Stlth+}
 39569 | Depths:1 | Found a gateway to Hell.
 40088 | Depths:2 | Found a one-way gateway to a ziggurat.
 40310 | Depths:2 | Reached skill level 22 in Invocations
 40594 | Depths:2 | Found a runed translucent door.
 40596 | Depths:2 | Found a runed translucent door.
 40596 | Depths:2 | Found a runed translucent door.
 40641 | Depths:2 | Reached XP level 22. HP: 197/201 MP: 37/37
 40726 | Depths:2 | Identified the ring "Dareos" {*Slow rPois rN+ Will+ Dex+6}
 40729 | Depths:2 | Found a runed translucent door.
 40776 | Depths:2 | Identified the +4 falchion of the Burning Soothsayer
                  | {heavy, Contam Fly Dex+3}
 40897 | Depths:2 | Found a stormy altar of Qazlal.
 41121 | Depths:3 | Reached skill level 23 in Invocations
 41255 | Depths:3 | Identified the ring "Likhlih" {rPois rF+ Slay+3}
 41342 | Depths:3 | Found a broken altar of Ashenzari.
 41543 | Depths:3 | Found a basalt altar of Yredelemnul.
 41650 | Depths:4 | Entered Level 4 of the Depths
 41764 | Depths:4 | Noticed a golden dragon
 41775 | Depths:4 | Killed a golden dragon
 41809 | Depths:4 | Reached skill level 24 in Invocations
 41855 | Depths:4 | Found a gate to the Realm of Zot.
 42146 | Depths:4 | Found a blossoming altar of Fedhas.
 42701 | Vaults:5 | Entered Level 5 of the Vaults
 42709 | Vaults:5 | Reached skill level 25 in Invocations
 42935 | Vaults:5 | Reached skill level 26 in Invocations
 43045 | Vaults:5 | Noticed an ancient lich
 43058 | Vaults:5 | Killed an ancient lich
 43059 | Vaults:5 | Reached XP level 23. HP: 128/209 MP: 40/40
 43136 | Vaults:5 | Noticed a dread lich
 43147 | Vaults:5 | Killed a dread lich
 43148 | Vaults:5 | Reached skill level 27 in Invocations
 43271 | Vaults:5 | Noticed a dread lich
 43285 | Vaults:5 | Killed a dread lich
 43304 | Vaults:5 | Identified the ring of the Bespelling Gods {Fire Int+3
                  | Dex+2 SInv Stlth-}
 43313 | Vaults:5 | Identified the amulet "Qeseupig" {Acrobat Contam Harm MP+9
                  | Str+8}
 43343 | Vaults:5 | Identified the +6 arbalest of the Butterfly {penet, rPois
                  | Will+ Str+6 Stlth-}
 43568 | Vaults:5 | Noticed Sojobo
 43570 | Vaults:5 | Paralysed by an air elemental for 1 turns
 43615 | Vaults:5 | Paralysed by an air elemental for 1 turns
 43619 | Vaults:5 | Killed Sojobo
 44018 | Vaults:5 | Identified the +7 scale mail of Fome {+Inv rC++ Will-
                  | Regen+}
 44030 | Vaults:5 | Got a silver rune of Zot
 44301 | Vaults:5 | Identified the +0 hand axe of the Heart {flame, rN+++ Will-
                  | Int+2}
 44766 | Zot:1    | Entered Level 1 of the Realm of Zot
 44814 | Zot:1    | Noticed Grunn
 44822 | Zot:1    | Killed Grunn
 44947 | Zot:1    | Identified the +7 chain mail "Ani Fuull" {rN+ rCorr MP-9}
 45218 | Zot:1    | Noticed Parghit
 45236 | Zot:1    | Killed Parghit
 45271 | Zot:1    | Noticed a curse toe
 45277 | Zot:1    | Killed a curse toe
 45845 | Zot:2    | You fall into a shaft and drop 1 floor!
 45845 | Zot:3    | Noticed an orb of fire
 45857 | Zot:3    | Gained mutation: You are clumsy. (Dex -2) [an orb of fire]
 45860 | Zot:3    | Killed an orb of fire
 46019 | Zot:3    | Noticed a curse toe
 46030 | Zot:3    | Killed a curse toe
 46089 | Zot:3    | Gained mutation: You are resistant to unholy torment.
                  | [demonic ancestry]
 46089 | Zot:3    | Reached XP level 24. HP: 204/224 MP: 39/40
 46891 | Zot:3    | Noticed a Killer Klown
 46901 | Zot:3    | Killed a Killer Klown
 47398 | Zot:3    | Found the +4 dragonskin cloak
 47398 | Zot:3    | Noticed Tiamat
 47430 | Zot:3    | Killed Tiamat
 48143 | Zot:2    | Noticed an orb of fire
 48159 | Zot:2    | Killed an orb of fire
 48929 | Zot:4    | Gained mutation: You can hurl damnation. [demonic ancestry]
 48929 | Zot:4    | Reached XP level 25. HP: 195/222 MP: 34/40
 49429 | Zot:5    | Entered Level 5 of the Realm of Zot
 49690 | Zot:5    | Noticed an ancient lich
 49699 | Zot:5    | Noticed a dread lich
 49702 | Zot:5    | Noticed an orb of fire
 49703 | Zot:5    | Noticed an orb of fire
 49704 | Zot:5    | Killed an orb of fire
 49704 | Zot:5    | Noticed an orb of fire
 49810 | Zot:5    | Noticed an orb of fire
 49815 | Zot:5    | Killed a dread lich
 49819 | Zot:5    | Killed an orb of fire
 49821 | Zot:5    | Killed an orb of fire
 49821 | Zot:5    | Killed an ancient lich
 49832 | Zot:5    | Killed an orb of fire
 49843 | Zot:5    | Noticed a Killer Klown
 49843 | Zot:5    | Noticed a dread lich
 49857 | Zot:5    | Killed a dread lich
 49864 | Zot:5    | Killed a Killer Klown
 49865 | Zot:5    | Noticed a Killer Klown
 49866 | Zot:5    | Noticed an orb of fire
 49872 | Zot:5    | Killed an orb of fire
 49872 | Zot:5    | Noticed an ancient lich
 49878 | Zot:5    | Killed a Killer Klown
 49879 | Zot:5    | Noticed a Killer Klown
 49901 | Zot:5    | Killed an ancient lich
 49925 | Zot:5    | Killed a Killer Klown
 50476 | Zot:5    | Reached XP level 26. HP: 247/251 MP: 40/40
 50615 | Zot:5    | Got the Orb of Zot
 50773 | Zot:1    | Noticed Roni the pandemonium lord
 50797 | Zot:1    | Killed Roni the pandemonium lord
 50847 | Depths:4 | Noticed Uten the pandemonium lord
 51060 | D:12     | Noticed Qucku the pandemonium lord
 51173 | D:5      | Noticed Nock the pandemonium lord
 51261 | D:1      | gg
 51262 | D:$      | Escaped with the Orb!

Illustrated notes

#.# #.#.#####.# #.# #......##.#
#.# #######......##.#
#.###...##..##...##.#
#.##....##..##...##.########
#####.##.###..##..##............
#.....##..##..##..##.##.########
#.######.#..##..##......# #...
#.# #.#..##.@##...########)##
#.# #.###..##..##.......)..# #.#
#.###..##..##.########### #.#
#.#..##..##.........[...#
#.######.#..##..##..##########.#
#........#........#.# #.#
#>.........######.#.# #.#
##.#############....# #.# ###.#
#..)...#..# #.#


Turn 51261 on D:1: gg

Levels and vault maps discovered:
D:1:      lightli_iron_boxes, layout_loops_ring,
          hellmonk_ecumenical_altar_leap_of_faith
D:2:      layout_loops_corners, chequers_serial_rivers_room_b
D:3:      layout_basic, nicolae_gozag_zags_fifth_avenue, serial_bayou_pond_b
D:4:      layout_rooms, portal_sewer_entry_f, minmay_gold_behind_fungi,
          uniq_duvessa
D:5:      layout_loops_ring, nicolae_tso_swordbearing_angel,
          minmay_temple_entry_waves, gammafunk_ghost_gnarly_gnolls, uniq_ijyb
D:6:      layout_rooms, gammafunk_temple_overflow_claw, serial_shops,
          nicolae_square_shop
D:7:      layout_rooms, mainiacjoe_overflow_alcove_4
D:8:      layout_basic, serial_shops, shop, uniq_prince_ribbit1, uniq_joseph
D:9:      layout_rooms, old_standard_altar, general_overflow_altar
D:10:     layout_stronghold, grunt_temple_overflow_forces_of_nature,
          mainiacjoe_overflow_boulevard, chei_slow_surprise,
          overflow_temple_1_default, david_orc_5, enter_bailey_5
D:11:     layout_loops_corners, david_lair_generic
D:12:     layout_grid_maze, enter_trove_3
D:13:     layout_basic, erik_vaults_2
D:14:     layout_basic, serial_glass, glass_columns_c, glass_columns_b,
          glass_columns_c
D:15:     hangedman_depths_entry_civil_slaughter, layout_basic,
          grunt_dithmenos_shadows
Temple:   compressed_dpeg_triangle_lava_temple
Lair:1:   layout_chaotic_city, minmay_shattered_shrine
Lair:2:   layout_loops_ring, skrybe_swamp_entry_bodies, uniq_sonja
Lair:3:   minmay_lair_venomous_thicket, layout_regular_city, spider_nest_entry_a
Lair:4:   layout_layer_cave, basic_altar, beast_lair_carwin_8,
          serial_bayou_shore_b, lemuel_fruit_tree
Lair:5:   guppyfry_lair_end_dragon, layout_layer_cave,
          hangedman_lair_tendril_chambers, nicolae_slime_entry_slimehenge,
          uniq_kirke
Swamp:1:  nicolae_swamp_ascending_descending_big, layout_basic_swamp,
          nicolae_swamp_little_swirl
Swamp:2:  layout_falls_marsh, hangedman_swamp_ruin_wall, swamp_pool4,
          nicolae_swamp_vermiculated
Swamp:3:  layout_basic_swamp, ebering_ghost_funeral_grove,
          evilmike_swamp_ruin_house_4, infiniplex_staircase_pool
Swamp:4:  swamp_icy, layout_basic_swamp, uniq_aizul, uniq_roxanne
Spider:1: layout_spider_delve
Spider:2: nicolae_spider_hilbert_zone_6 [nicolae_spider_hilbert_4_sides_1_open,
          nicolae_spider_hilbert_4_sides_1_open,
          nicolae_spider_hilbert_4_sides_1_open,
          nicolae_spider_hilbert_4_sides_1_open,
          nicolae_spider_hilbert_4_sides_1_open,
          nicolae_spider_hilbert_4_sides_1_open,
          nicolae_spider_hilbert_4_sides_1_open]
Spider:3: layout_spider_delve, nicolae_spider_moth_buddies, uniq_mlioglotl,
          uniq_jorgrun
Spider:4: spider_rune_water
Orc:1:    layout_caves, serial_shops, shop, portal_ice_cave_entry_pillars_1,
          nicolae_shop_firing_range, uniq_harold, uniq_erica
Orc:2:    st_orc_mages, layout_diamond_mine
Vaults:1: ebering_ghost_disaster_area, vaults_dpeg_diagonal, v_alt_pattern_5,
          ontoclasm_vaults_decontamination, v_misc_9, v_rooms_5,
          grunt_vaults_funnel, v_misc_26, nicolae_vaults_gold_heap, v_misc_2,
          layout_vaults_chaotic_city, serial_shops, nicolae_shop_statue_plus,
          shop
Vaults:2: grunt_vaults_funneled_arena, vaults_room_pool,
          hangedman_vaults_cutoff, v_rooms_1, hangedman_vaults_impose,
          nicolae_vaults_specimen_jars, nicolae_vaults_little_squares_1,
          v_misc_19, nicolae_vaults_asterisk, layout_vaults_omnigrid,
          serial_shops, nicolae_shop_hallway_plus, uniq_saint_roka
Vaults:3: infiniplex_enter_wizlab_spiral, v_alt_pattern_2,
          ontoclasm_vaults_pinch, v_misc_33, hangedman_vaults_snaps,
          minmay_crypt_entry_simple_box, v_misc_29, vaults_room_door_ring,
          nicolae_vaults_octagons, grunt_vaults_hallway_short,
          ontoclasm_vaults_gateway, vaults_room_fours, layout_vaults_omnicross
Vaults:4: gammafunk_ghost_split, nicolae_vaults_twisting_passages, v_rooms_3,
          vaults_standard_mumra_enter_the_diamond,
          nicolae_vaults_mini_display_case, nicolae_vaults_what_the_h,
          vaults_dpeg_hooks, ontoclasm_vaults_misaligned, vaults_mumra_chevron,
          nicolae_vaults_asterisk, vaults_standard_mumra_lines,
          vaults_mumra_bighexcomb, nicolae_vaults_little_squares_6, v_misc_17,
          vaults_room_hallway, serial_ice_b, layout_vaults_maze, serial_shops,
          nicolae_lakefront_shop, shop, shop
Vaults:5: serial_shops, uniq_sojobo
Depths:1: layout_gridlike, hell_entry, minmay_room_of_horrors,
          serial_sigils_hangedman_clutch, st_stairs_11,
          minmay_hollow_rounded_squares
Depths:2: minmay_the_grid_triangle_9x9_line_8_mashed
          [minmay_the_grid_triangle_9x9_zippers_horizontal,
          minmay_the_grid_triangle_9x9_odd_lines,
          minmay_the_grid_triangle_9x9_swiss_cheese,
          minmay_the_grid_triangle_9x9_fully_insulated_deathbox,
          minmay_the_grid_triangle_9x9_semitri,
          minmay_the_grid_triangle_9x9_subtriangle,
          minmay_the_grid_triangle_9x9_checkered,
          minmay_the_grid_triangle_9x9_prize_schism], layout_basic,
          enter_ziggurat_a, nicolae_qazlal_scattered_showers, hell_entry,
          grunt_pan_entry_spiral, infiniplex_staircase_zigzag_4
Depths:3: kennysheep_scales, layout_cross, ashenzari_altar_1, abyss_entry,
          hell_entry, lemuel_zombie_altar_yredelemnul,
          minmay_staircase_windowed_large
Depths:4: evilmike_zot_entry_round, layout_gridville, pan_entry,
          fedhas_altar_fruit_tree, hell_entry, minmay_misc_feat_square
Zot:1:    layout_gridlike, uniq_grunn, uniq_parghit
Zot:2:    layout_gridville, grunt_megastairs_5
Zot:3:    lemuel_acid_trip, layout_concentric_octagons, st_small_dragon_hoard_1,
          uniq_tiamat
Zot:4:    layout_basic, st_stairs_6, bh_zot_levy_curve
Zot:5:    layout_misc_corridors, st_stairs_4

Skill      XL: |  1  2  3  4  5  6  7  8  9 10 11 12 13 14 15 16 17 18 19 20 21 22 23 24 25 |
---------------+----------------------------------------------------------------------------+-----
Axes           | 2 3 4 6 7 8 10 13 14 15 16 18 | 18.0
Fighting       | 4 5 6 7 8 9 11 12 13 14 16 17 19 20 21 23 25 | 25.5
Armour         | 1 2 3 4 5 7 8 11 13 14 15 16 17 20 21 23 24 | 24.7
Invocations    | 1 4 6 8 10 11 12 14 15 18 20 22 26 27 | 27.0
Evocations     | 2 6 |  6.0
Dodging        | 2 6 8 9 11 | 11.0
Stealth        | |  4.5

Action                     |  1- 3 |  4- 6 |  7- 9 | 10-12 | 13-15 | 16-18 | 19-21 | 22-24 | 25-27 || total
---------------------------+-------+-------+-------+-------+-------+-------+-------+-------+-------++-------
  Melee: Hand axe          |    18 |       |       |       |       |       |       |       |       ||    18
         Broad axe         |    73 |    89 |   202 |   473 |  1023 |   991 |   783 |  1051 |   306 ||  4991
         Touch             |    13 |    15 |    39 |   101 |   258 |   199 |   214 |   250 |    66 ||  1155
         Punch             |     1 |       |     5 |     9 |    15 |    19 |    24 |    19 |     7 ||    99
         Unarmed           |       |       |    30 |       |     1 |       |       |       |       ||    31
         War axe           |       |       |       |       |   178 |       |       |       |       ||   178
 Invoke: Stomp             |       |       |       |     1 |     3 |       |       |     5 |     3 ||    12
         Line Pass         |       |       |       |       |     1 |       |       |     1 |     1 ||     3
         Grand Finale      |       |       |       |       |       |     2 |     5 |     9 |     7 ||    23
Ability: Hurl Damnation    |       |       |       |       |       |       |       |       |     6 ||     6
  Evoke: Wand              |       |       |     5 |     5 |    40 |     4 |     1 |       |       ||    55
         Box of beasts     |       |       |       |       |       |     1 |       |       |       ||     1
    Use: Scroll            |     1 |     3 |     7 |    11 |    14 |     3 |     9 |    11 |     8 ||    67
         Potion            |       |       |     3 |     6 |     4 |     5 |     4 |     2 |    10 ||    34
   Stab: Sleeping          |     1 |       |       |       |       |       |       |       |       ||     1
         Distracted        |       |     1 |       |       |     2 |    17 |    18 |    25 |     6 ||    69
         Paralysed         |       |       |    14 |    52 |   172 |   112 |   127 |   170 |    31 ||   678
         Invisible         |       |       |       |       |       |     3 |       |       |       ||     3
         Confused          |       |       |       |       |       |       |       |       |     1 ||     1
 Armour: Leather armour    |     4 |       |       |       |       |       |       |       |       ||     4
         Chain mail        |    60 |    70 |   128 |   429 |   763 |   493 |   100 |       |       ||  2043
         Skin              |       |       |     5 |       |    28 |       |       |       |       ||    33
         Plate armour      |       |       |       |       |       |       |    56 |       |       ||    56
         Gold dragon scale |       |       |       |       |       |       |   137 |   579 |   183 ||   899
  Dodge: Dodged            |    43 |    53 |    85 |   200 |   566 |   822 |   484 |   644 |   206 ||  3103
  Block: Other             |       |       |       |    61 |   204 |   136 |    69 |   114 |    28 ||   612

Table legend: (Time is in decaauts)
 A = Elapsed time spent in this place.
 B = Non-inter-level travel time spent in this place.
 C = Inter-level travel time spent in this place.
 D = Time resting spent in this place.
 E = Time spent auto-exploring this place.
 F = Levels seen in this place.
 G = Mean time per level.
                   A        B        C        D        E       F      G
               +--------+--------+--------+--------+--------+-----+--------+
         Total |  50733 |  45516 |   5217 |   8256 |  25636 |  48 | 1056.9 |
       Dungeon |  16468 |  13946 |   2522 |   3332 |   7592 |  15 | 1097.9 |
        Temple |     72 |     72 |      0 |      0 |      0 |   1 |   72.0 |
          Lair |   7198 |   6639 |    559 |   1499 |   3716 |   5 | 1439.6 |
         Swamp |   3628 |   3445 |    183 |    644 |   1809 |   4 |  907.0 |
   Spider Nest |   3327 |   3181 |    146 |    652 |   1541 |   4 |  831.8 |
  Orcish Mines |   1394 |   1216 |    178 |    160 |    709 |   2 |  697.0 |
        Vaults |   7657 |   6875 |    782 |    769 |   4338 |   5 | 1531.4 |
        Depths |   3744 |   3332 |    412 |     34 |   2417 |   4 |  936.0 |
           Zot |   5814 |   5383 |    431 |    915 |   3100 |   5 | 1162.8 |
        Bailey |    493 |    493 |      0 |    164 |    157 |   1 |  493.0 |
      Ice Cave |    635 |    635 |      0 |     86 |    109 |   1 |  635.0 |
        Wizlab |    298 |    298 |      0 |      0 |    146 |   1 |  298.0 |
               +--------+--------+--------+--------+--------+-----+--------+

Top non-repeatable levels by time:
  Lair:5: 2055 daAuts
   Zot:3: 2033 daAuts
    D:11: 1805 daAuts
Vaults:4: 1755 daAuts
     D:8: 1721 daAuts
    D:10: 1717 daAuts
  Lair:4: 1699 daAuts
     D:5: 1635 daAuts
Vaults:1: 1618 daAuts
Vaults:3: 1509 daAuts
Vaults:5: 1435 daAuts
    D:12: 1390 daAuts
Vaults:2: 1338 daAuts
  Lair:1: 1305 daAuts
Depths:2: 1261 daAuts
